 Dungeon Crawl Stone Soup version 0.29.0-4-gdea44cf6ec (webtiles) character file.

Game seed: 967571875043064959

6834 qw the Severer (level 10, -4/136 HPs)
             Began as a Minotaur Berserker on Sept 7, 2022.
             Was an Elder of Trog.
             Slain by a yak (10 damage)
             ... on level 8 of the Dungeon.
             The game lasted 00:03:10 (9737 turns).

qw the Severer (Minotaur Berserker)                 Turns: 9737, Time: 00:03:11

Health: -4/136     AC: 15    Str: 25    XL:     10   Next: 77%
Magic:  9/9        EV:  9    Int:  4    God:    Trog [****..]
Gold:   456        SH:  5    Dex: 11    Spells: 9/9 levels left

rFire   + . .      SeeInvis .   Y - +0 broad axe
rCold   . . .      Faith    .   (no shield)
rNeg    . . .      Spirit   .   j - +1 chain mail {rF+}
rPois   +          Reflect  +   (helmet restricted)
rElec   .          Harm     .   o - scarf {repulsion}
rCorr   +          Rampage  .   (no gloves)
Will    .....                   (no boots)
Stlth   ..........              m - amulet of reflection
HPRegen 0.32/turn               a - ring "Holyon" {rPois rCorr Slay+3}
MPRegen 0.11/turn               c - +4 ring of protection

@: berserking, about to teleport, repel missiles, very quick
A: horns 2, retaliatory headbutt
a: Renounce Religion, Berserk, Trog's Hand, Brothers in Arms


You were on level 8 of the Dungeon.
You worshipped Trog.
Trog was greatly pleased with you.
You visited 1 branch of the dungeon, and saw 9 of its levels.

You collected 456 gold pieces.


Innate Abilities, Weirdness & Mutations

You have a pair of horns on your head.
You reflexively headbutt those who attack you in melee.


   Skills:
 - Level 9.1 Fighting
 + Level 16.0 Axes
 - Level 3.9 Throwing
 - Level 6.3 Armour
 - Level 3.2 Dodging


You had 9 spell levels left.
You didn't know any spells.
Your spell library was empty.

Inventory:

Hand Weapons
 i - a +1 flail of protection
 Y - a +0 broad axe (weapon)
Missiles
 p - 8 boomerangs (quivered)
Armour
 b - a +0 cloak
 d - a +0 plate armour
 j - a +1 chain mail of fire resistance (worn)
 o - a scarf of repulsion (worn)
 t - a +1 chain mail of cold resistance
 v - +0 fire dragon scales
Jewellery
 a - the ring "Holyon" (left hand) {rPois rCorr Slay+3}
   (You found it on level 2 of the Dungeon)

   [ring of resist corrosion]

   Slay:      It affects your accuracy & damage with ranged weapons and melee
   (+3).
   rPois:     It protects you from poison.
   rCorr:     It protects you from acid and corrosion.
 c - a +4 ring of protection (right hand)
 m - an amulet of reflection (around neck)
Scrolls
 g - a scroll of identify
 l - 2 scrolls of teleportation
Potions
 h - a potion of mutation
 k - a potion of magic {unknown}
 q - 2 potions of haste

Dungeon Overview and Level Annotations

Branches:
Dungeon (9/15)             Temple (0/1) D:6
   Lair: D:8-11         Orc: D:9-12

Altars:
Dithmenos
Elyvilon
Fedhas
Kikubaaqudgha
Okawaru
Ru
Trog
Yredelemnul
Zin


Message History

The yak is almost dead.
You hit something. Something hits you but does no damage.
The yak completely misses you.
You nearly stumble into some deep water!
Something hits you. The yak gores you but does no damage.
You hit the yak. You headbutt the yak.
The yak is almost dead.
You slice something!! Trog accepts your kill.
Trog appreciates your killing of a magic user.
Reactivating autopickup.
You feel a bit more experienced. The yak gores you but does no damage.
Things that are here:
a +0 dagger; a +0 robe You nearly stumble into some deep water!
You feel less confused. The yak gores you! x2
9734 ||| READING 3 scrolls of teleportation.
As you read the scroll of teleportation, it crumbles to dust.
You feel strangely unstable.
You recover from your berserk rage.
The yak gores you! You block the yak's attack.
9735 ||| DRINKING potion of heal wounds.
You feel much better. The yak closely misses you. You furiously retaliate!
You headbutt the yak! The yak gores you!
9736 ||| INVOKING Berserk.
A red film seems to cover your vision as you go berserk!
You feel yourself moving faster!
You feel mighty! The yak barely misses you. The yak gores you.
The electric eel shoots out a bolt of lightning at you!
The bolt of electricity hits you.
You closely miss the yak. You headbutt the yak.
You kill the yak!
Trog accepts your kill.
You slash the yak!
The electric eel shoots out a bolt of lightning at you!
The bolt of electricity hits you. The yak gores you!
You die...

#...####........
####
#...#########.##
.~~
~~~.~~~...~..~..
. #.~
~~~.~~~~~.~~~~~.~
.. ##.~
77~.~777~.~777~.~
#.#.~~ 7~~~7 7~.
7~.~
#....~777~.~777~
7~.~
#....~~~~~.~~~~~
~~.~
#..o%@Yoo..~..
.~..
#..~~~~~~~~~~~
~.~
#.~~777S~~777~
7~~~ #..~ ~~~7
7~. ....~ ~~~7
7~.~ #...~~ ~~~~~
~~.~ #.##~.
!~..~~ ~..~ ..
.~~ ~.~~~~ ~~~~
7~.~


You could see a yak, an electric eel and 3 orcs.

Vanquished Creatures
  Maurice (D:8)
  Maggie (D:7)
  Grinder (D:3)
  A vampire (D:9)
  11 yaks
  A steam dragon (D:6)
  Grum (D:8)
  Edmund (D:4)
  An acid dragon (D:9)
  5 orc warriors
  2 sky beasts
  A black bear (D:6)
  An ogre (D:6)
  3 wolves (D:8)
  3 centaurs
  5 kobold brigands
  Blork the orc (D:5)
  A phantom (D:6)
  2 necrophages
  3 bullfrogs
  6 scorpions
  7 wights
  3 killer bees (D:7)
  4 electric eels (D:8)
  5 orc priests
  2 hounds (D:5)
  2 jellies
  A gnoll bouda (D:9)
  An iguana (D:7)
  Ijyb (D:3)
  Terence (D:3)
  5 orc wizards
  8 gnolls
  11 adders
  A shadow imp (D:5)
  A white imp (D:6)
  3 ufetubi
  A worm (D:5)
  A dart slug (D:1)
  45 orcs
  2 bats
  6 endoplasms
  A giant cockroach (D:4)
  11 goblins
  6 hobgoblins
  9 jackals
  4 quokkas
  3 ball pythons
  3 frilled lizards
  24 kobolds
  6 rats
230 creatures vanquished.

Vanquished Creatures (others)
  A kobold (D:8)
  2 plants (D:1)
3 creatures vanquished.

Grand Total: 233 creatures vanquished

Notes
Turn   | Place    | Note
-------+----------+-------------------------------------------
     0 | D:1      | qw the Minotaur Berserker began the quest for the Orb.
     0 | D:1      | Reached XP level 1. HP: 19/19 MP: 0/0
     0 | D:1      | 0 ||| qw: Version: 0.1-a-108-g9e35731
     0 | D:1      | 0 ||| qw: Game counter: 6561
     0 | D:1      | 0 ||| qw: Always use a shield: true
     0 | D:1      | 0 ||| qw: Do Orc after D:15 true
     0 | D:1      | 0 ||| qw: Do second Lair branch before Depths: true
     0 | D:1      | 0 ||| qw: Lair rune preference: random
     0 | D:1      | 0 ||| qw: Plans: Normal
     0 | D:1      | 0 ||| PLANNING D:1-11
    12 | D:1      | 12 ||| Stepping ~*~*~tactically~*~*~ (hiding).
   114 | D:1      | 114 ||| Stepping ~*~*~tactically~*~*~ (hiding).
   211 | D:1      | Reached skill level 4 in Axes
   252 | D:1      | 252 ||| Stepping ~*~*~tactically~*~*~ (stealth).
   254 | D:1      | 254 ||| Stepping ~*~*~tactically~*~*~ (stealth).
   329 | D:1      | 329 ||| INVOKING Berserk.
   332 | D:1      | Reached XP level 2. HP: 26/26 MP: 1/1
   558 | D:1      | 558 ||| Stepping ~*~*~tactically~*~*~ (stealth).
   917 | D:1      | Reached skill level 5 in Axes
  1201 | D:1      | 1201 ||| UPGRADING to +2 ring mail of fire resistance.
  1211 | D:1      | 1211 ||| DROPPING +0 animal skin.
  1212 | D:1      | 1212 ||| READING scroll labelled BAXZETHRYIMN.
  1213 | D:1      | 1213 ||| DRINKING 3 yellow potions.
  1280 | D:2      | Reached XP level 3. HP: 31/31 MP: 2/2
  1336 | D:2      | Identified the ring "Holyon" {rPois rCorr Slay+3}
  1561 | D:2      | 1561 ||| Stepping ~*~*~tactically~*~*~ (stealth).
  1563 | D:2      | 1563 ||| Stepping ~*~*~tactically~*~*~ (stealth).
  1674 | D:2      | 1674 ||| Stepping ~*~*~tactically~*~*~ (stealth).
  1825 | D:2      | Reached skill level 6 in Axes
  1825 | D:2      | Reached XP level 4. HP: 39/39 MP: 3/3
  1895 | D:2      | Found a faded altar of an unknown god.
  2117 | D:2      | 2117 ||| UPGRADING to +0 chain mail.
  2127 | D:2      | 2127 ||| UPGRADING to amulet of regeneration.
  2132 | D:2      | 2132 ||| UPGRADING to amulet of reflection.
  2142 | D:2      | 2142 ||| DROPPING amulet of regeneration.
  2143 | D:2      | 2143 ||| UPGRADING to ring "Holyon" {rPois rCorr Slay+3}.
  2144 | D:2      | 2144 ||| READING scroll labelled MAUZXO LIWKA.
  2147 | D:2      | 2147 ||| READING scroll labelled ETAPIB CESYW.
  2180 | D:3      | Noticed Terence
  2183 | D:3      | 2183 ||| INVOKING Berserk.
  2185 | D:3      | Killed Terence
  2192 | D:3      | 2192 ||| FLEEEEING.
  2193 | D:3      | 2193 ||| FLEEEEING.
  2194 | D:3      | 2194 ||| FLEEEEING.
  2195 | D:3      | 2195 ||| FLEEEEING.
  2197 | D:3      | 2197 ||| STAIRDANCE
  2354 | D:3      | 2354 ||| Stepping ~*~*~tactically~*~*~ (stealth).
  2468 | D:3      | Reached ** piety under Trog
  2475 | D:3      | 2475 ||| SWAPPING to +0 war axe.
  2482 | D:3      | 2482 ||| DROPPING +1 hand axe of venom.
  2504 | D:3      | Reached XP level 5. HP: 45/45 MP: 4/4
  2536 | D:3      | 2536 ||| Stepping ~*~*~tactically~*~*~ (hiding).
  2541 | D:3      | 2541 ||| INVOKING Berserk.
  2544 | D:3      | Reached skill level 7 in Axes
  2884 | D:3      | Found a shadowy altar of Dithmenos.
  2952 | D:3      | Noticed Grinder
  2953 | D:3      | 2953 ||| INVOKING Trog's Hand.
  2954 | D:3      | 2954 ||| INVOKING Berserk.
  2955 | D:3      | Killed Grinder
  2956 | D:3      | Reached skill level 3 in Throwing
  2956 | D:3      | Reached XP level 6. HP: 52/52 MP: 5/5
  3081 | D:3      | Noticed Ijyb
  3085 | D:3      | 3085 ||| INVOKING Berserk.
  3088 | D:3      | Killed Ijyb
  3361 | D:3      | 3361 ||| DROPPING +2 ring mail of fire resistance.
  3362 | D:3      | 3362 ||| UPGRADING to +1 chain mail of fire resistance.
  3372 | D:3      | 3372 ||| DROPPING +0 chain mail.
  3373 | D:3      | 3373 ||| READING scroll labelled GISKADYEHO.
  3374 | D:3      | 3374 ||| READING scroll labelled ANNIMI TIENA.
  3375 | D:3      | 3375 ||| READING scroll labelled EMPOMA BUDGHOPS.
  3426 | D:4      | 3426 ||| Stepping ~*~*~tactically~*~*~ (stealth).
  3427 | D:4      | 3427 ||| Stepping ~*~*~tactically~*~*~ (stealth).
  3457 | D:4      | Noticed Edmund
  3459 | D:4      | 3459 ||| INVOKING Berserk.
  3465 | D:4      | Killed Edmund
  3466 | D:4      | Reached skill level 8 in Axes
  3466 | D:4      | Reached XP level 7. HP: 59/59 MP: 6/6
  3578 | D:4      | 3578 ||| DROPPING +0 mace.
  3691 | D:4      | 3691 ||| Stepping ~*~*~tactically~*~*~ (stealth).
  3695 | D:4      | 3695 ||| Stepping ~*~*~tactically~*~*~ (hiding).
  3697 | D:4      | 3697 ||| Stepping ~*~*~tactically~*~*~ (stealth).
  3961 | D:4      | 3961 ||| DROPPING scarf of harm.
  3962 | D:4      | 3962 ||| READING scroll labelled AZOMMI VUDOA.
  3963 | D:4      | 3963 ||| READING scroll labelled XAFACUYCOCW.
  3964 | D:4      | 3964 ||| DRINKING 2 ruby potions.
  4012 | D:4      | 4012 ||| DROPPING potion of lignification.
  4022 | D:5      | Entered Level 5 of the Dungeon
  4024 | D:5      | 4024 ||| STAIRDANCE
  4111 | D:5      | Reached skill level 9 in Axes
  4149 | D:5      | Found an iron altar of Okawaru.
  4193 | D:5      | 4193 ||| Stepping ~*~*~tactically~*~*~ (stealth).
  4196 | D:5      | 4196 ||| Stepping ~*~*~tactically~*~*~ (stealth).
  4200 | D:5      | 4200 ||| FLEEEEING.
  4201 | D:5      | 4201 ||| FLEEEEING.
  4202 | D:5      | 4202 ||| FLEEEEING.
  4203 | D:5      | 4203 ||| FLEEEEING.
  4204 | D:5      | 4204 ||| FLEEEEING.
  4205 | D:5      | 4205 ||| FLEEEEING.
  4206 | D:5      | 4206 ||| FLEEEEING.
  4207 | D:5      | 4207 ||| FLEEEEING.
  4208 | D:5      | 4208 ||| FLEEEEING.
  4209 | D:5      | 4209 ||| FLEEEEING.
  4210 | D:5      | 4210 ||| FLEEEEING.
  4211 | D:5      | 4211 ||| FLEEEEING.
  4212 | D:5      | 4212 ||| FLEEEEING.
  4213 | D:5      | 4213 ||| FLEEEEING.
  4214 | D:5      | 4214 ||| FLEEEEING.
  4215 | D:5      | 4215 ||| FLEEEEING.
  4216 | D:5      | 4216 ||| FLEEEEING.
  4217 | D:5      | 4217 ||| FLEEEEING.
  4218 | D:5      | 4218 ||| FLEEEEING.
  4219 | D:5      | 4219 ||| STAIRDANCE
  4253 | D:4      | 4253 ||| READING scroll labelled HULAET IRAH.
  4254 | D:4      | 4254 ||| DRINKING 2 puce potions.
  4257 | D:5      | 4257 ||| STAIRDANCE
  4262 | D:5      | 4262 ||| STAIRDANCE
  4314 | D:5      | Reached skill level 3 in Armour
  4517 | D:5      | 4517 ||| INVOKING Berserk.
  4519 | D:5      | Reached XP level 8. HP: 68/68 MP: 7/7
  4660 | D:5      | Found a bloodstained altar of Trog.
  4679 | D:5      | 4679 ||| FLEEEEING.
  4680 | D:5      | 4680 ||| FLEEEEING.
  4681 | D:5      | 4681 ||| FLEEEEING.
  4682 | D:5      | 4682 ||| FLEEEEING.
  4683 | D:5      | 4683 ||| FLEEEEING.
  4684 | D:5      | 4684 ||| FLEEEEING.
  4685 | D:5      | 4685 ||| FLEEEEING.
  4686 | D:5      | 4686 ||| FLEEEEING.
  4687 | D:5      | 4687 ||| FLEEEEING.
  4688 | D:5      | 4688 ||| FLEEEEING.
  4689 | D:5      | 4689 ||| FLEEEEING.
  4690 | D:5      | 4690 ||| FLEEEEING.
  4691 | D:5      | 4691 ||| FLEEEEING.
  4692 | D:5      | 4692 ||| FLEEEEING.
  4693 | D:5      | 4693 ||| FLEEEEING.
  4694 | D:5      | 4694 ||| FLEEEEING.
  4695 | D:5      | 4695 ||| FLEEEEING.
  4696 | D:5      | 4696 ||| FLEEEEING.
  4697 | D:5      | 4697 ||| FLEEEEING.
  4698 | D:5      | 4698 ||| FLEEEEING.
  4703 | D:5      | 4703 ||| Stepping ~*~*~tactically~*~*~ (hiding).
  4709 | D:5      | Reached skill level 10 in Axes
  4709 | D:5      | Reached *** piety under Trog
  4710 | D:5      | 4710 ||| INVOKING Berserk.
  4720 | D:5      | Reached skill level 6 in Fighting
  4971 | D:5      | Noticed Blork the orc
  4974 | D:5      | 4974 ||| INVOKING Berserk.
  4976 | D:5      | Killed Blork the orc
  5174 | D:5      | 5174 ||| Stepping ~*~*~tactically~*~*~ (stealth).
  5191 | D:5      | Found a blossoming altar of Fedhas.
  5195 | D:5      | Found a sacrificial altar of Ru.
  5195 | D:5      | Found an ancient bone altar of Kikubaaqudgha.
  5208 | D:5      | Found a basalt altar of Yredelemnul.
  5211 | D:5      | Found a glowing silver altar of Zin.
  5221 | D:5      | 5221 ||| READING scroll labelled UCACEK FOGE.
  5222 | D:5      | 5222 ||| DRINKING 3 bubbling golden potions.
  5223 | D:5      | 5223 ||| DRINKING 3 fuming purple potions.
  5224 | D:5      | 5224 ||| DROPPING 2 potions of attraction.
  5225 | D:5      | 5225 ||| DROPPING 2 potions of degeneration.
  5288 | D:6      | 5288 ||| INVOKING Berserk.
  5292 | D:6      | Reached skill level 11 in Axes
  5525 | D:6      | 5525 ||| Stepping ~*~*~tactically~*~*~ (stealth).
  5555 | D:6      | 5555 ||| Stepping ~*~*~tactically~*~*~ (hiding).
  5558 | D:6      | 5558 ||| INVOKING Berserk.
  5750 | D:6      | 5750 ||| Stepping ~*~*~tactically~*~*~ (stealth).
  5753 | D:6      | 5753 ||| Stepping ~*~*~tactically~*~*~ (hiding).
  6110 | D:6      | 6110 ||| INVOKING Berserk.
  6121 | D:6      | 6121 ||| Stepping ~*~*~tactically~*~*~ (stealth).
  6130 | D:6      | Reached skill level 12 in Axes
  6131 | D:6      | Reached XP level 9. HP: 59/78 MP: 8/8
  6214 | D:6      | Found a staircase to the Ecumenical Temple.
  6218 | D:6      | Identified the +3 leather armour of Light {Harm rElec
                  | Stlth-}
  6270 | D:6      | 6270 ||| Stepping ~*~*~tactically~*~*~ (hiding).
  6276 | D:6      | 6276 ||| INVOKING Berserk.
  6310 | D:6      | 6310 ||| Stepping ~*~*~tactically~*~*~ (stealth).
  6353 | D:6      | 6353 ||| INVOKING Berserk.
  6739 | D:6      | 6739 ||| UPGRADING to scarf of repulsion.
  6744 | D:6      | 6744 ||| READING scroll labelled PAT JAPRESI AQUTAL.
  6745 | D:6      | 6745 ||| DRINKING 2 silvery potions.
  6746 | D:6      | 6746 ||| DRINKING 2 smoky sapphire potions.
  6847 | D:6      | 6847 ||| READING 2 scrolls of identify.
  6847 | D:6      | 6847 ||| IDENTIFYING bubbling cyan potion
  6848 | D:6      | 6848 ||| DROPPING potion of berserk rage.
  6849 | D:6      | 6849 ||| DROPPING potion of ambrosia.
  6908 | D:7      | 6908 ||| READING scroll of enchant weapon.
  6908 | D:7      | 6908 ||| ENCHANTING +0 war axe.
  6928 | D:7      | Noticed Maggie
  6937 | D:7      | 6937 ||| INVOKING Berserk.
  6937 | D:7      | Killed Maggie
  6938 | D:7      | Reached skill level 13 in Axes
  6956 | D:7      | HP: 14/79 [orc warrior/+0 war axe (18)]
  6957 | D:7      | 6957 ||| READING 4 scrolls of teleportation.
  6958 | D:7      | 6958 ||| DRINKING 2 potions of heal wounds.
  6959 | D:7      | You fall into a shaft and drop 2 floors!
  6989 | D:9      | 6989 ||| INVOKING Berserk.
  7206 | D:9      | Reached skill level 3 in Dodging
  7213 | D:9      | Reached skill level 14 in Axes
  7406 | D:9      | HP: 14/81 [something (12)]
  7774 | D:9      | Reached XP level 10. HP: 68/88 MP: 9/9
  7781 | D:9      | 7781 ||| INVOKING Berserk.
  7883 | D:9      | 7883 ||| UPGRADING to +4 ring of protection.
  7893 | D:8      | 7893 ||| PLANNING OSSUARY
  7901 | D:8      | 7901 ||| Stepping ~*~*~tactically~*~*~ (stealth).
  8133 | D:8      | Noticed Grum
  8134 | D:8      | 8134 ||| Stepping ~*~*~tactically~*~*~ (stealth).
  8136 | D:8      | 8136 ||| Stepping ~*~*~tactically~*~*~ (hiding).
  8141 | D:8      | 8141 ||| INVOKING Berserk.
  8147 | D:8      | Killed Grum
  8245 | D:8      | Noticed Maurice
  8290 | D:8      | Killed Maurice
  8291 | D:8      | Reached skill level 15 in Axes
  8456 | D:8      | 8456 ||| INVOKING Berserk.
  8542 | D:8      | 8542 ||| RIP OSSUARY
  8583 | D:8      | 8583 ||| PLANNING D:1-11
  8625 | D:7      | 8625 ||| Stepping ~*~*~tactically~*~*~ (stealth).
  8649 | D:7      | 8649 ||| Stepping ~*~*~tactically~*~*~ (hiding).
  8650 | D:7      | 8650 ||| Stepping ~*~*~tactically~*~*~ (hiding).
  8654 | D:7      | 8654 ||| Stepping ~*~*~tactically~*~*~ (hiding).
  8655 | D:7      | 8655 ||| Stepping ~*~*~tactically~*~*~ (hiding).
  8656 | D:7      | 8656 ||| Stepping ~*~*~tactically~*~*~ (hiding).
  8657 | D:7      | 8657 ||| Stepping ~*~*~tactically~*~*~ (hiding).
  8658 | D:7      | 8658 ||| Stepping ~*~*~tactically~*~*~ (hiding).
  8668 | D:7      | Reached **** piety under Trog
  8669 | D:7      | 8669 ||| Stepping ~*~*~tactically~*~*~ (hiding).
  8670 | D:7      | 8670 ||| Stepping ~*~*~tactically~*~*~ (hiding).
  8672 | D:7      | 8672 ||| INVOKING Berserk.
  8675 | D:7      | Reached skill level 9 in Fighting
  8929 | D:7      | 8929 ||| Stepping ~*~*~tactically~*~*~ (stealth).
  9003 | D:7      | 9003 ||| SWAPPING to +0 broad axe.
  9004 | D:7      | 9004 ||| DROPPING +1 war axe.
  9061 | D:7      | 9061 ||| INVOKING Berserk.
  9496 | D:7      | 9496 ||| READING scroll labelled WEPOUD POJIRGH.
  9497 | D:7      | 9497 ||| READING scroll labelled NOPLIS SYMUR.
  9498 | D:7      | 9498 ||| READING scroll labelled MAVIMM WYACLACH.
  9499 | D:7      | 9499 ||| READING 4 scrolls of identify.
  9499 | D:7      | 9499 ||| IDENTIFYING fizzy cyan potion
  9500 | D:7      | 9500 ||| READING 3 scrolls of identify.
  9500 | D:7      | 9500 ||| IDENTIFYING bubbling yellow potion
  9501 | D:7      | 9501 ||| READING 2 scrolls of identify.
  9501 | D:7      | 9501 ||| IDENTIFYING golden potion
  9502 | D:7      | 9502 ||| DROPPING potion of brilliance.
  9503 | D:7      | 9503 ||| DROPPING potion of flight.
  9618 | D:8      | Found a white marble altar of Elyvilon.
  9672 | D:8      | 9672 ||| Stepping ~*~*~tactically~*~*~ (stealth).
  9675 | D:8      | 9675 ||| Stepping ~*~*~tactically~*~*~ (stealth).
  9681 | D:8      | 9681 ||| INVOKING Berserk.
  9697 | D:8      | Reached skill level 16 in Axes
  9701 | D:8      | HP: 34/136 [electric eel/bolt of electricity (11)]
  9703 | D:8      | 9703 ||| READING 4 scrolls of teleportation.
  9703 | D:8      | HP: 3/91 [electric eel/bolt of electricity (10)]
  9704 | D:8      | 9704 ||| DRINKING 4 potions of heal wounds.
  9705 | D:8      | 9705 ||| DRINKING 3 potions of heal wounds.
  9715 | D:8      | 9715 ||| Stepping ~*~*~tactically~*~*~ (water).
  9719 | D:8      | Reached skill level 6 in Armour
  9726 | D:8      | HP: 22/91 [yak (5)]
  9727 | D:8      | 9727 ||| DRINKING 2 potions of heal wounds.
  9733 | D:8      | HP: 22/91 [yak (10)]
  9733 | D:8      | HP: 9/91 [yak (13)]
  9734 | D:8      | 9734 ||| READING 3 scrolls of teleportation.
  9734 | D:8      | HP: 3/91 [yak (7)]
  9735 | D:8      | 9735 ||| DRINKING potion of heal wounds.
  9736 | D:8      | 9736 ||| INVOKING Berserk.
  9737 | D:8      | Slain by a yak

Levels and vault maps discovered:
D:1:      lightli_arrival_statue_moat, layout_loops_cross, serial_forest,
          infiniplex_forest_lined_4_way, infiniplex_forest_clump_cross,
          infiniplex_forest_fountain, infiniplex_forest_straight_4,
          infiniplex_forest_lined_1, infiniplex_forest_end_1,
          infiniplex_forest_straight_4, infiniplex_forest_end_2,
          infiniplex_forest_clump_small
D:2:      layout_basic, hellmonk_ecumenical_altar_arch_garden,
          minmay_tree_intersection
D:3:      layout_basic, nicolae_dithmenos_through_a_glass_darkly, fountainhead,
          minmay_misc_feat_cross, minmay_misc_feat_encased, chequers_avenue,
          chequers_serial_rivers_small_3, uniq_terence, uniq_grinder, uniq_ijyb
D:4:      layout_cave_pools, uniq_edmund
D:5:      layout_rooms, mainiacjoe_overflow_alcove_4, okawaru_metal_pillars_1_2,
          minmay_overflow_temple_star_hex, nicolae_fountain_basement,
          uniq_blork_the_orc
D:6:      layout_basic, minmay_temple_entry_tees, minmay_fountain_box
D:7:      layout_basic, dreamdust_princess_corridor, uniq_maggie
D:8:      layout_loops_cross, nicolae_overflow_crystal_walls,
          gup_ossuary_entry_pyramid, kennysheep_boxes, uniq_maurice, uniq_grum,
          uniq_gastronok
D:9:      layout_big_octagon, lair_entry_dummy, enter_bailey_4, minivault_26

Skill      XL: |  1  2  3  4  5  6  7  8  9 10 |
---------------+-------------------------------+-----
Axes           | 4 5 6 7 8 9 12 14 16 | 16.0
Fighting       | 4 5 6 8 9 |  9.1
Throwing       | 3 |  3.9
Armour         | 3 4 5 6 |  6.3
Dodging        | 3 |  3.2

Action                   |  1- 3 |  4- 6 |  7- 9 | 10-12 || total
-------------------------+-------+-------+-------+-------++-------
Melee: Hand axe          |    58 |    33 |       |       ||    91
       Headbutt          |    10 |     7 |    38 |    27 ||    82
       War axe           |       |    42 |   179 |    85 ||   306
       Punch             |       |       |     3 |     2 ||     5
       Broad axe         |       |       |       |    50 ||    50
Throw: Javelin           |       |    14 |     8 |       ||    22
       Boomerang         |       |       |    37 |    24 ||    61
Invok: Berserk           |     1 |     5 |    10 |     7 ||    23
       Trog's Hand       |       |     1 |       |       ||     1
  Use: Scroll            |     1 |     5 |     8 |     8 ||    22
       Potion            |     1 |       |     7 |     4 ||    12
Armor: Animal skin       |     6 |       |       |       ||     6
       Ring mail         |     8 |     5 |       |       ||    13
       Chain mail        |       |    18 |    44 |    42 ||   104
Dodge: Dodged            |    22 |    23 |    72 |    47 ||   164
       Repelled          |       |       |     2 |     2 ||     4
Block: Other             |       |    11 |    37 |    22 ||    70
       Reflection        |       |       |     3 |     1 ||     4

Table legend:
 A = Non-vault XP
 B = Vault XP
 C = Vault XP percentage of total XP
 D = Non-vault monster count
 E = Vault monster count
 F = Vault count percentage of total count
                 A         B        C        D         E       F
            +---------+---------+-------+---------+---------+-------
      Total |    7881 |    2092 |  21.0 |     210 |      20 |   8.7
            +---------+---------+-------+---------+---------+-------
        D:1 |      40 |       0 |   0.0 |      16 |       0 |   0.0
        D:2 |      77 |       0 |   0.0 |      18 |       0 |   0.0
        D:3 |     112 |     349 |  75.7 |      25 |       3 |  10.7
        D:4 |     190 |     197 |  50.9 |      16 |       3 |  15.8
        D:5 |     836 |     121 |  12.6 |      25 |       3 |  10.7
        D:6 |    1390 |       0 |   0.0 |      41 |       0 |   0.0
        D:7 |    1319 |     385 |  22.6 |      23 |       1 |   4.2
        D:8 |    1956 |    1027 |  34.4 |      27 |       5 |  15.6
        D:9 |    1961 |      13 |   0.7 |      19 |       5 |  20.8
            +---------+---------+-------+---------+---------+-------
